 Dungeon Crawl Stone Soup version 0.27-a0-1200-g94dc6ad4cf (webtiles) character file.

Game seed: 15794933588596964551

2580 bilbop the Basher (level 9, -4/79 HPs)
             Began as a Minotaur Fighter on June 1, 2021.
             Was a Follower of Trog.
             Killed from afar by an electric eel (9 damage)
             ... with a bolt of electricity
             ... on level 8 of the Dungeon.
             The game lasted 00:20:06 (6735 turns).

bilbop the Basher (Minotaur Fighter)                Turns: 6735, Time: 00:20:06

Health: -4/79      AC: 18    Str: 25    XL:     9   Next: 32%
Magic:  10/10      EV:  8    Int:  5    God:    Trog [*.....]
Gold:   257        SH: 11    Dex:  9    Spells: 8/8 levels left

rFire    + . .     SeeInvis +   a - +4 flail (vorpal)
rCold    . . .     Faith    .   c - +0 kite shield
rNeg     . . .     Spirit   .   j - +3 scale mail {rF+}
rPois    .         Reflect  .   (helmet restricted)
rElec    .         Harm     .   J - +0 cloak
rCorr    .         Rampage  .   (no gloves)
Will     .....                  z - +1 pair of boots
Stlth    ..........             (no amulet)
HPRegen  0.23/turn              q - ring of see invisible
MPRegen  0.12/turn              H - +4 ring of protection

@: very slow
A: horns 2, retaliatory headbutt
a: Renounce Religion, Berserk


You were on level 8 of the Dungeon.
You worshipped Trog.
Trog was aware of your devotion.
You visited 2 branches of the dungeon, and saw 9 of its levels.

You collected 257 gold pieces.

Inventory:

Hand Weapons
 a - a +4 vorpal flail (weapon)
 b - a +0 hunting sling
Missiles
 k - 64 sling bullets
 C - 6 curare-tipped darts (quivered)
Armour
 c - a +0 kite shield (worn)
 j - a +3 scale mail of fire resistance (worn)
 z - a +1 pair of boots (worn)
 J - a +0 cloak (worn)
Jewellery
 q - a ring of see invisible (left hand)
 t - a ring of protection from fire
 u - an amulet of guardian spirit
 w - an amulet of the acrobat
 y - an amulet of reflection
 H - a +4 ring of protection (right hand)
Wands
 B - a wand of iceblast (4)
 E - a wand of digging (5)
 F - a wand of paralysis (5)
 I - a wand of flame (40)
Scrolls
 f - a scroll of blinking {unknown}
 g - a scroll of enchant armour {unknown}
 h - a scroll of noise {unknown}
 m - a scroll of teleportation {unknown}
 n - a scroll of magic mapping {unknown}
 r - 2 scrolls of amnesia {unknown}
 s - 2 scrolls of brand weapon
 x - a scroll of silence {unknown}
 G - a scroll of acquirement {unknown}
Potions
 d - 2 potions of might
 e - a potion of lignification {unknown}
 i - a potion of attraction {unknown}
 l - a potion of magic {unknown}
 o - 6 potions of flight
 p - a potion of berserk rage {unknown}
 v - 2 potions of haste {unknown}
 D - 2 potions of heal wounds {unknown}
 K - a potion of mutation {unknown}


   Skills:
 + Level 7.4 Fighting
 * Level 9.2 Maces & Flails
 + Level 2.6 Slings
 + Level 7.2 Armour
 + Level 7.2 Shields
 + Level 3.5 Invocations


You had 8 spell levels left.
You didn't know any spells.
Your spell library contained the following spells:

 Spells                   Type           Power      Damage    Failure   Level
 Animate Skeleton         Necr           0%         N/A       97%         1
 Corona                   Hex            0%         N/A       97%         1
 Pain                     Necr           0%         1d4       97%         1
 Shock                    Conj/Air       0%         1d3       97%         1
 Ensorcelled Hibernation  Hex/Ice        0%         N/A       99%         2
 Static Discharge         Conj/Air       0%         N/A       99%         2
 Confusing Touch          Hex            0%         N/A       100%        3
 Dazzling Flash           Conj/Hex       0%         N/A       100%        3
 Swiftness                Air            0%         N/A       100%        3
 Tukima's Dance           Hex            0%         N/A       100%        3
 Vampiric Draining        Necr           0%         2d6       100%        3
 Airstrike                Air            0%         N/A       100%        4
 Animate Dead             Necr           0%         N/A       100%        4
 Agony                    Necr           0%         N/A       100%        5
 Lightning Bolt           Conj/Air       0%         1d11      100%        5


Dungeon Overview and Level Annotations

Branches:
Dungeon (8/15)             Temple (1/1) D:5
   Lair: D:8-11

Altars:
Ashenzari
Cheibriados
Fedhas
Gozag
Hepliaklqana
Nemelex Xobeh
Okawaru
Qazlal
Sif Muna
Trog
Vehumet
Wu Jian
Xom
Yredelemnul
The Shining One


Innate Abilities, Weirdness & Mutations

You have a pair of horns on your head.
You reflexively headbutt those who attack you in melee.


Message History

The bolt of electricity hits you.
You closely miss the electric eel.
You headbutt the electric eel, but do no damage.
The electric eel shoots out a bolt of lightning at you!
The bolt of electricity hits the electric eel.
The electric eel completely resists.
The bolt of electricity hits you!
You hear a shout!
You are too injured to fight recklessly!
You are too injured to fight recklessly!
You are too injured to fight recklessly!
You are too injured to fight recklessly!
You are too injured to fight recklessly!
You are too injured to fight recklessly!
You are too injured to fight recklessly!
Your unstable footing causes you to fumble your attack.
You barely miss the electric eel.
The electric eel shoots out a bolt of lightning at you!
The bolt of electricity hits the electric eel.
The electric eel completely resists.
The bolt of electricity hits you!
The electric eel shoots out a bolt of lightning at you!
The bolt of electricity hits you.
* * * LOW HITPOINT WARNING * * *
The electric eel shoots out a bolt of lightning at you!
The bolt of electricity hits the electric eel.
The electric eel completely resists.
The bolt of electricity hits you!
* * * LOW HITPOINT WARNING * * *
You sock the electric eel!
The electric eel is almost dead.
The electric eel shoots out a bolt of lightning at you!
The bolt of electricity hits the electric eel.
The electric eel completely resists.
The bolt of electricity hits you.
* * * LOW HITPOINT WARNING * * *
Your unstable footing causes you to fumble your attack.
The electric eel shoots out a bolt of lightning at you!
The bolt of electricity hits you.
* * * LOW HITPOINT WARNING * * *
The electric eel shoots out a bolt of lightning at you!
The bolt of electricity hits the electric eel.
The electric eel completely resists.
The bolt of electricity hits you!
You die...

≈≈≈≈ ###...# #..#
♣P≈≈≈≈♣♣♣♣###....<###...
PP≈≈≈≈P≈♣♣≈#.......#....
≈≈≈≈≈≈PP≈≈♣≈..##........
≈≈≈P≈P≈≈P≈≈≈≈#......#...
≈≈≈≈≈≈≈≈P≈≈≈≈♣..#....###
≈≈≈≈≈≈≈≈≈≈≈÷≈≈..##....#
....$...........##.....#
≈≈≈≈≈;;@≈≈≈≈≈≈..###....#
≈≈≈≈≈≈≈≈≈≈≈≈≈≈≈## ##...#
≈≈≈♣♣♣≈≈≈≈≈≈≈≈≈# ...# ≈
♣♣♣≈≈≈≈≈≈♣# #..#
♣≈≈≈≈≈≈♣ ♣≈≈P≈≈≈≈#
#≈♣≈P≈≈≈## ####≈P≈..
##≈###


You could see 2 electric eels.

Vanquished Creatures
  Grinder (D:3)
  Sigmund (D:6)
  A steam dragon (D:6)
  Edmund (D:4)
  Duvessa (D:7)
  A water moccasin (D:7)
  An orc warrior (D:7)
  A necrophage (D:3)
  A hornet zombie (D:7)
  2 ogres
  A phantom (D:6)
  A bullfrog (D:7)
  2 scorpions (D:6)
  Dowan (D:7)
  A wyvern skeleton (D:7)
  9 killer bees
  3 electric eels (D:8)
  2 bullfrog zombies (D:5)
  3 hounds
  An orc priest (D:4)
  A centaur skeleton (D:5)
  An iguana (D:6)
  An orc wizard (D:7)
  A hound skeleton (D:5)
  A howler monkey zombie (D:6)
  7 adders
  A shadow imp (D:6)
  An adder skeleton (D:5)
  A worm (D:4)
  3 dart slugs
  13 orcs
  10 bats
  2 endoplasms (D:1)
  4 giant cockroaches
  4 goblins
  14 jackals
  6 quokkas
  12 ball pythons
  3 frilled lizards
  5 kobolds
  7 rats
133 creatures vanquished.

Vanquished Creatures (others)
  20 plants (D:8)
20 creatures vanquished.

Grand Total: 153 creatures vanquished

Notes
Turn   | Place    | Note
-------+----------+-------------------------------------------
     0 | D:1      | bilbop the Minotaur Fighter began the quest for the Orb.
     0 | D:1      | Reached XP level 1. HP: 19/19 MP: 0/0
    97 | D:1      | Reached XP level 2. HP: 27/27 MP: 1/1
   144 | D:1      | Reached skill level 3 in Maces & Flails
   459 | D:1      | Reached XP level 3. HP: 33/33 MP: 2/2
  1618 | D:2      | Reached XP level 4. HP: 40/40 MP: 3/3
  1653 | D:2      | Reached skill level 4 in Maces & Flails
  2243 | D:3      | Noticed Grinder
  2258 | D:3      | HP: 2/41 [Grinder (4)]
  2260 | D:3      | Killed Grinder
  2261 | D:3      | Reached skill level 5 in Maces & Flails
  2261 | D:3      | Reached XP level 5. HP: 3/47 MP: 4/4
  2261 | D:3      | Reached XP level 6. HP: 4/55 MP: 5/5
  2588 | D:3      | Reached skill level 5 in Fighting
  3057 | D:4      | Noticed Edmund
  3072 | D:3      | Reached skill level 5 in Armour
  3072 | D:3      | Reached skill level 5 in Shields
  3089 | D:4      | Killed Edmund
  3090 | D:4      | Reached skill level 6 in Maces & Flails
  3090 | D:4      | Reached XP level 7. HP: 7/61 MP: 6/6
  3848 | D:4      | Found a shimmering blue altar of Sif Muna.
  3903 | D:4      | Found a snail-covered altar of Cheibriados.
  3943 | D:5      | Entered Level 5 of the Dungeon
  4008 | D:5      | Found a staircase to the Ecumenical Temple.
  4014 | Temple   | Entered the Ecumenical Temple
  4237 | Temple   | Became a worshipper of Trog the Wrathful
  4302 | D:5      | Reached skill level 7 in Maces & Flails
  4302 | D:5      | Reached skill level 1 in Invocations
  4533 | D:5      | Reached XP level 8. HP: 67/70 MP: 6/8
  5214 | D:6      | Reached skill level 8 in Maces & Flails
  5214 | D:6      | Noticed Sigmund
  5234 | D:6      | Killed Sigmund
  5235 | D:6      | Reached skill level 1 in Slings
  5458 | D:7      | Noticed Duvessa
  5461 | D:7      | Noticed Dowan
  5468 | D:7      | Killed Duvessa
  5470 | D:7      | Killed Dowan
  5715 | D:7      | Reached XP level 9. HP: 39/79 MP: 10/10
  5715 | D:7      | Reached * piety under Trog
  6192 | D:7      | Reached skill level 9 in Maces & Flails
  6735 | D:8      | Killed from afar by an electric eel

Illustrated notes

Levels and vault maps discovered:
D:1:      dpeg_arrival_boxorama, layout_basic, serial_rivers,
          chequers_serial_rivers_small_3, chequers_serial_rivers_small_a,
          chequers_serial_rivers_small_3, chequers_serial_rivers_large_a,
          chequers_serial_rivers_micro_c, minmay_shallow_snake_nest
D:2:      layout_basic
D:3:      layout_loops_ring, grunt_ministairs_12, uniq_grinder
D:4:      layout_rooms, lemuel_tele_altar, nicolae_sif_muna_little_library,
          uniq_edmund
D:5:      layout_cave_pools, minmay_temple_entry_ruins
D:6:      layout_basic, uniq_sigmund
D:7:      layout_basic, nicolae_ru_the_path_less_chosen, uniq_duvessa,
          uniq_pikel
D:8:      layout_cave_pods, lemuel_coloured_pillars_altar,
          grunt_temple_overflow_cloverleaf, eat_drink_and_be_merry_uskayaw,
          serial_shops, shop, kennysheep_mini_moat, serial_bayou_lagoon_b
Temple:   nicolae_temple_figure_eight

Skill      XL: |  1  2  3  4  5  6  7  8  9 |
---------------+----------------------------+-----
Maces & Flails | 3 5 6 7 8 9 |  9.2
Fighting       | 4 5 6 7 |  7.4
Armour         | 4 5 6 7 |  7.2
Shields        | 4 5 6 7 |  7.2
Invocations    | 1 3 |  3.5
Slings         | 1 2 |  2.6

Action                   |  1- 3 |  4- 6 |  7- 9 || total
-------------------------+-------+-------+-------++-------
Melee: Flail             |   105 |    75 |   175 ||   355
       Headbutt          |    15 |    11 |    21 ||    47
 Fire: Hunting sling     |       |     2 |     6 ||     8
Throw: Dart              |       |       |     1 ||     1
  Use: Scroll            |       |       |     5 ||     5
Armor: Scale mail        |    46 |    31 |    74 ||   151
Dodge: Dodged            |    30 |    14 |    74 ||   118
Block: Kite shield       |    62 |    35 |    75 ||   172

Table legend: (Time is in decaauts)
 A = Elapsed time spent in this place.
 B = Non-inter-level travel time spent in this place.
 C = Inter-level travel time spent in this place.
 D = Time resting spent in this place.
 E = Time spent auto-exploring this place.
 F = Levels seen in this place.
 G = Mean time per level.
                   A        B        C        D        E       F      G
               +--------+--------+--------+--------+--------+-----+--------+
         Total |   6872 |   6678 |    194 |   1451 |   4295 |   9 |  763.6 |
       Dungeon |   6630 |   6477 |    153 |   1451 |   4097 |   8 |  828.8 |
        Temple |    241 |    200 |     41 |      0 |    198 |   1 |  241.0 |
               +--------+--------+--------+--------+--------+-----+--------+

Top non-repeatable levels by time:
     D:1: 1314 daAuts
     D:3: 1227 daAuts
     D:4: 884 daAuts
     D:7: 849 daAuts
     D:5: 715 daAuts
     D:2: 626 daAuts
     D:6: 563 daAuts
     D:8: 449 daAuts
  Temple: 241 daAuts
